 Dungeon Crawl Stone Soup version 0.17-a0-491-gbd49765 (webtiles) character file.

44 esc the Cudgeler (level 3, -3/23 HPs)
             Began as a Gargoyle Berserker on Apr 10, 2015.
             Was a Believer of Trog.
             Slain by Robin
             ... wielding a +4 spear of piercing
              (6 damage)
             ... on level 2 of the Dungeon.
             The game lasted 00:03:28 (1193 turns).

esc the Cudgeler (Gargoyle Berserker)               Turns: 1193, Time: 00:03:28

Health: -3/23      AC:  8    Str: 20    XL:     3   Next: 60%
Magic:  3/3        EV: 11    Int:  7    God:    Trog [**....]
Gold:   44         SH:  0    Dex: 10    Spells: 0 memorised, 2 levels left

rFire  . . .     SeeInvis .     a - +0 mace
rCold  . . .     Clarity  .     d - +0 ring mail
rNeg   + . .     SustAb   .     (no shield)
rPois  ∞         Gourm    .     (no helmet)
rElec  +         Spirit   .     (no cloak)
rCorr  .         Warding  .     (no gloves)
rMut   .         Stasis   .     (no boots)
MR     .....                    (no amulet)
Stlth  ..........               (no ring)
                                (no ring)

@: very slightly contaminated, not resistant to hostile enchantments, extremely
unstealthy
A: negative energy resistance 1, electricity resistance, unbreathing,
petrification resistance, rot immunity, AC +3
a: Burn Spellbooks, Berserk, Trog's Hand, Renounce Religion


You were on level 2 of the Dungeon.
You worshipped Trog.
Trog was pleased with you.
You were not hungry.

You visited 1 branch of the dungeon, and saw 2 of its levels.

You collected 44 gold pieces.

Inventory:

Hand weapons
 a - a +0 mace (weapon)
Armour
 b - a +0 animal skin
 d - a +0 ring mail (worn)
   (You found it on level 1 of the Dungeon)
Jewellery
 l - an uncursed amulet of inaccuracy
   (You found it on level 2 of the Dungeon)
Potions
 e - a potion of curing
Comestibles
 c - a bread ration {@e1}
 f - 4 chunks of flesh {@w0}


   Skills:
 - Level 3.2 Fighting
 + Level 4.4 Maces & Flails
 - Level 2.1 Armour
 - Level 1.5 Dodging


You had 2 spell levels left.
You didn't know any spells.

Dungeon Overview and Level Annotations

Branches:
Dungeon (2/15)

Altars:
Ashenzari

Annotations:
D:2 Robin


Innate Abilities, Weirdness & Mutations

You are resistant to torment.
Your stone body is resilient (AC +3).
You are immune to poison.
You resist negative energy.
You are resistant to electric shocks.
You can survive without breathing.
You are immune to petrification.
You are immune to rotting.


Message History

You barely miss the goblin.
You feel the effects of Trog's Hand fading.
The hobgoblin shouts!
The goblin barely misses you. The goblin closely misses you.
The goblin barely misses you.
You barely miss the goblin.
The hobgoblin shouts!
The goblin misses you. The goblin hits you but does no damage.
You catch the helpless goblin completely off-guard!
You thump the goblin!
You kill the goblin!
Trog accepts your kill.
The hobgoblin shouts!
The goblin hits you but does no damage. The hobgoblin closely misses you.
The goblin barely misses you. The goblin hits you but does no damage.
You barely miss the goblin. The hobgoblin barely misses you.
The goblin shoots a stone.
The stone hits Robin but does no damage.
Robin throws the goblin out of sight!
The goblin barely misses you. The hobgoblin closely misses you.
The goblin barely misses you.
You strike the helpless goblin from behind!
You hit the goblin. Robin misses you. The goblin hits you but does no damage.
The hobgoblin closely misses you. The goblin closely misses you.
The goblin shoots a stone.
The stone hits the goblin.
The goblin dies!
You hit the goblin.
Your skin stops crawling.
You feel less resistant to hostile enchantments.
Robin misses you. The goblin barely misses you.
The goblin shoots a stone.
The stone hits the hobgoblin.
Robin hits you but does no damage.
You hit the hobgoblin. The hobgoblin hits you. The goblin closely misses you.
The hobgoblin hits you.
The goblin shoots a stone.
The stone hits you but does no damage. Robin barely misses you.
You take 7 damage, and have 16/23 hp.
MASSIVE DAMAGE!!
You hit the hobgoblin.
You kill the hobgoblin!
Trog accepts your kill.
You can now regenerate and be protected from hostile enchantments.
The goblin hits you but does no damage.
The hobgoblin hits you but does no damage.
The goblin shoots a stone.
The stone closely misses you. Robin completely misses you.
You strike the helpless goblin from behind!
You thump the goblin!
You kill the goblin!
Trog accepts your kill. The hobgoblin barely misses you.
Robin hits you from afar with a spear of piercing.
The goblin shoots a stone.
The stone misses you.
You take 2 damage, and have 14/23 hp.
You completely miss the hobgoblin. The hobgoblin closely misses you.
Robin hits you from afar with a spear of piercing.
You take 2 damage, and have 12/23 hp.
You miss the goblin. The hobgoblin barely misses you.
The goblin unwields an uncursed hunting sling.
The goblin wields an uncursed dagger.
The goblin barely misses you. Robin completely misses you.
The hobgoblin closely misses you.
You hit the goblin. Robin closely misses you. The goblin barely misses you.
The hobgoblin closely misses you.
You hit the goblin.
You kill the goblin!
Trog accepts your kill. Robin closely misses you.
The hobgoblin closely misses you.
You barely miss the hobgoblin. Robin barely misses you.
The hobgoblin closely misses you. Robin misses you.
You strike the helpless hobgoblin from behind!
You hit the hobgoblin.
You flicker for a moment.
The hobgoblin misses you. Robin hits you but does no damage.
You strike the helpless hobgoblin from behind!
You sock the hobgoblin!
You kill the hobgoblin!
Trog accepts your kill.
Robin points. "Kill!"
Robin barely misses you. Robin closely misses you.
You see here 2 stones.
You barely miss Robin.
You flicker back into view.
Robin closely misses you.
Your ring mail prevents you from hitting Robin.
Robin closely misses you.
You sock Robin!
Robin drinks a potion.
Robin is healed!
You sock Robin! Robin hits you but does no damage.
You hit Robin. Robin hits you but does no damage.
You barely miss Robin. Robin hits you but does no damage.
You hit Robin but do no damage. Robin closely misses you.
Robin hits you with a spear of piercing.
You take 3 damage, and have 10/23 hp.
You hit Robin.
Robin hits you with a spear of piercing.
* * * LOW HITPOINT WARNING * * *
x2 You take 7 damage, and have 3/23 hp.
MASSIVE DAMAGE!!
You hit Robin but do no damage.
Robin hits you with a spear of piercing.
You die...

#########
#.....)(###
#.###.)(..# #.#
#.#)#@# #.#
#.#.#g........
#.###.#.##....?##
# #.....÷.#
#...## .
#####.### #.## .
##########.# .#
####.
###........#.# #
#....
....######.#)#
##.#.. ##..#
#.#.# #...<.


You could see Robin.

Vanquished Creatures
  An adder (D:2)
  3 bats
  A giant cockroach (D:2)
  10 goblins
  4 hobgoblins
  3 jackals (D:1)
  A kobold (D:2)
  A quokka (D:2)
  A giant newt (D:1)
  5 rats (D:1)
30 creatures vanquished.

Vanquished Creatures (others)
  A goblin (D:2)
1 creature vanquished.

Grand Total: 31 creatures vanquished

Notes
Turn   | Place    | Note
--------------------------------------------------------------
     0 | D:1      | esc, the Gargoyle Berserker, began the quest for the Orb.
     0 | D:1      | Reached XP level 1. HP: 14/14 MP: 1/1
   307 | D:1      | Found a shattered altar of Ashenzari.
   352 | D:1      | Reached XP level 2. HP: 19/19 MP: 2/2
   965 | D:2      | Reached skill level 4 in Maces & Flails
  1125 | D:2      | Reached XP level 3. HP: 23/23 MP: 3/3
  1160 | D:2      | Noticed Robin
  1164 | D:2      | Acquired Trog's second power
  1192 | D:2      | HP: 5/23 [Robin/spear of piercing (5)]
  1193 | D:2      | Slain by Robin

Action                   || total
-------------------------++-------
Melee: Mace              ||   109
Invok: Trog's Hand       ||     1
  Use: Scroll            ||     6
       Potion            ||     1
 Stab: Invisible         ||     6
  Eat: Chunk             ||     1

Vault maps used:
D:1:      tarquinn_simple_flora_water_f, roderic_serpentine_path,
          nicolae_ashenzari_panopticon
D:2:      uniq_crazy_yiuf_cottage, uniq_robin

Table legend:
 A = Turns spent in this place as a percentage of turns spent in the entire game.
 B = Non-inter-level travel turns spent in this place as a percentage of non-inter-level travel turns spent in the entire game.
 C = Inter-level travel turns spent in this place as a percentage of turns spent in this place.
 D = Turns resting spent in this place as a percentage of non-inter-level travel turns spent in this place.
 E = Turns spent auto-exploring this place as a percentage of non-inter-level travel turns spent in this place.
 F = Non-inter-level travel turns spent in this place divided by the number of levels of this place that you've seen.
                   A       B       C       D       E      F
               +-------+-------+-------+-------+-------+----------------------
         Total | 100.0 | 100.0 |   0.3 |   1.3 |  10.4 | 149.0
       Dungeon | 100.0 | 100.0 |   0.3 |   1.3 |  10.4 | 149.0
               +-------+-------+-------+-------+-------+----------------------

Table legend:
 A = Kills in this place as a percentage of kills in entire the game.
 B = Kills by you in this place as a percentage of kills by you in the entire game.
 C = Kills by friends in this place as a percentage of kills by friends in the entire game.
 D = Other kills in this place as a percentage of other kills in the entire game.
 E = Experience gained in this place as a percentage of experience gained in the entire game.
 F = Experience gained in this place divided by the number of levels of this place that you have seen.
                   A       B       C       D       E      F
               +-------+-------+-------+-------+-------+----------------------
         Total | 100.0 | 100.0 |  -nan |  -nan | 100.0 |  31.5
       Dungeon | 100.0 | 100.0 |  -nan |  -nan | 100.0 |  31.5
               +-------+-------+-------+-------+-------+----------------------
